 Dungeon Crawl Stone Soup version 0.28-a0-1382-g92835e5c71 (webtiles) character file.

Game seed: 14175366109127256944

46 gruber the Magician (level 3, -1/21 HPs)
             Began as an Octopode Hedge Wizard on Jan 2, 2022.
             Killed from afar by Sigmund (6 damage)
             ... with a magic dart
             ... on level 2 of the Dungeon.
             The game lasted 00:02:41 (2229 turns).

gruber the Magician (Octopode Hedge Wizard)         Turns: 2229, Time: 00:02:41

Health: -1/21      AC:  5    Str:  9    XL:     3   Next: 68%
Magic:  6/17       EV: 13    Int: 18    God:
Gold:   53         SH:  0    Dex: 11    Spells: 2/10 levels left

rFire   . . .      SeeInvis .   a - +0 dagger
rCold   . . .      Faith    .   (no shield)
rNeg    . . .      Spirit   .   b - +0 hat
rPois   .          Reflect  .   (no amulet)
rElec   .          Harm     .   h - ring of magical power
rCorr   .          Rampage  .   i - +4 ring of protection
Will    .....                   (no ring)
Stlth   +++.......              (no ring)
HPRegen 0.07/turn               (no ring)
MPRegen 0.15/turn               (no ring)
                                (no ring)
                                (no ring)

@: very slightly contaminated
A: almost no armour, amphibious, 8 rings, camouflage 1, gelatinous body 1,
(nimble swimmer 1), tentacles
a: no special abilities


You were on level 2 of the Dungeon.
You visited 1 branch of the dungeon, and saw 2 of its levels.

You collected 53 gold pieces.

Inventory:

Hand Weapons
 a - a +0 dagger (weapon)
 k - the +6 hand axe "Zoesuun" {drain, Str+5 Int-4}
   (You found it on level 2 of the Dungeon)

   A truly terrible weapon, it drains the life of any living foe it strikes.
   Str:       It affects your strength (+5).
   Int:       It affects your intelligence (-4).
Missiles
 e - 14 poisoned darts
Armour
 b - a +0 hat (worn)
Jewellery
 h - a ring of magical power (left tentacle)
 i - a +4 ring of protection (right tentacle)
Scrolls
 c - 4 scrolls of identify {unknown}
 d - 2 scrolls of teleportation {unknown}
 f - 2 scrolls of enchant armour {unknown}
 j - a scroll of blinking {unknown}
 l - a scroll of summoning {unknown}
Potions
 g - a potion of cancellation {unknown}


   Skills:
 - Level 2.0 Dodging
 - Level 2.6 Stealth
 * Level 4.3 Spellcasting
 - Level 1.0 Conjurations
 - Level 1.0 Summonings
 - Level 1.0 Translocations


You had 2 spell levels left.
You knew the following spells:

 Your Spells              Type           Power      Damage    Failure   Level
a - Magic Dart            Conj           28%        1d4       10%         1
b - Blink                 Tloc           14%        N/A       14%         2
c - Call Imp              Summ           7%         N/A       14%         2
d - Mephitic Cloud        Conj/Pois/Air  5%         N/A       36%         3

Your spell library contained the following spells:

 Spells                   Type           Power      Damage    Failure   Level
 Slow                     Hex            12%        N/A       14%         1
 Conjure Flame            Conj/Fire      5%         6-21      34%         3


Dungeon Overview and Level Annotations

Branches:
Dungeon (2/15)

Altars:

Shops:
D:1 :

Annotations:
D:2 Sigmund


Innate Abilities, Weirdness & Mutations

You cannot wear most types of armour.
You are amphibious.
You can wear up to eight rings at the same time.
Your skin changes colour to match your surroundings (Stealth+).
Your rubbery body absorbs attacks. (AC +1, EV +1)
((You are camouflaged when in or above water. (Stealth+)))
You have tentacles for arms and can constrict up to eight enemies at once.


Message History

You feel sick.
Sigmund casts a spell.
Sigmund flickers and vanishes!
Deactivating autopickup; reactivate with Ctrl-A.
Unknown command.
Unknown command.
Casting: Mephitic Cloud (potentially lethal; 36% risk of failure)
Confirm with . or Enter, or press ? or * to list all spells.
You can't see any susceptible monsters within range! (Use Z to cast anyway.)
There is a strange disturbance nearby!
Casting: Mephitic Cloud (potentially lethal; 36% risk of failure)
Confirm with . or Enter, or press ? or * to list all spells.
The spell is potentially lethal to miscast (36% risk of failure)!
Continue anyway?
Aiming: Mephitic Cloud (potentially lethal; 36% risk of failure)
Press: ? - help, Shift-Dir - straight line You miscast Mephitic Cloud.
Nothing appears to happen.
You feel sick.
You hear some strange, mumbled words.
Something tries to affect you, but you resist.
Unknown command.
You feel sick.
Casting: Mephitic Cloud (potentially lethal; 36% risk of failure)
Confirm with . or Enter, or press ? or * to list all spells.
The spell is potentially lethal to miscast (36% risk of failure)!
Continue anyway?
Aiming: Mephitic Cloud (potentially lethal; 36% risk of failure)
Press: ? - help, Shift-Dir - straight line The ball explodes into a vile cloud!
The stinking cloud engulfs something but does no damage.
You feel sick.
A puff of flame appears from out of thin air!
The puff of flame misses you.
Unknown command.
Unknown command.
Unknown command.
You feel sick.
You feel sick.
You are no longer poisoned.
Something unseen breaks down the door.
A magic dart appears from out of thin air!
The magic dart hits you.
You die...

#...##### #.#.....#
#.#(###.#
#######.#.[...# ##
#..........#..# ..
#......###.#..########..
#..........#..{......'..
#............'########..
#....>.@..#......... ..
###.........##........
..
##.#.#.......++........
..
#............##........
..
##.#÷#...†...##........
..
#............##........
..
##.#.###......'........
..
#...†.#######.#........
# ##.#.##
#####..########


There were no monsters in sight!

Vanquished Creatures
  2 dart slugs (D:1)
  3 endoplasms
  2 giant cockroaches (D:2)
  A goblin (D:2)
  7 hobgoblins
  6 jackals
  3 quokkas
  4 ball pythons
  3 bats
  A frilled lizard (D:1)
  4 rats
36 creatures vanquished.

Notes
Turn   | Place    | Note
-------+----------+-------------------------------------------
     0 | D:1      | gruber the Octopode Hedge Wizard began the quest for the
                  | Orb.
     0 | D:1      | Reached XP level 1. HP: 11/11 MP: 4/4
   561 | D:1      | Reached XP level 2. HP: 17/17 MP: 0/6
  1173 | D:1      | Reached XP level 3. HP: 15/21 MP: 2/8
  1273 | D:1      | Found Fefahu's Book Shop.
  1280 | D:1      | Reached skill level 4 in Spellcasting
  1551 | D:2      | Noticed Sigmund
  1710 | D:2      | Learned a level 2 spell: Blink
  1713 | D:2      | Learned a level 2 spell: Call Imp
  1717 | D:2      | Learned a level 3 spell: Mephitic Cloud
  1979 | D:2      | Identified the +6 hand axe "Zoesuun" {drain, Str+5 Int-4}
  2229 | D:2      | Killed from afar by Sigmund

Illustrated notes

Levels and vault maps discovered:
D:1:      scummos_arrival_forest, layout_basic, serial_shops,
          nicolae_shop_window_shopping, minmay_small_reverse_x
D:2:      minmay_inner_zag, layout_basic, ebering_ecumenical_altar_box,
          nicolae_concentric_dashed_squares_wild, st_stairs_13,
          minmay_fountain_box, minmay_tromino_i4, uniq_sigmund

Skill      XL: |  1  2  3 |
---------------+----------+-----
Spellcasting   | 4 |  4.3
Dodging        | |  2.0
Stealth        | |  2.6
Conjurations   | |  1.0
Summonings     | |  1.0
Translocations | |  1.0

Action                   || total
-------------------------++-------
Melee: Dagger            ||    33
       Constrict         ||    10
       Tentacles         ||     4
 Cast: Magic Dart        ||    74
       Mephitic Cloud    ||     1
 Stab: Sleeping          ||     3
Armor: Skin              ||     4
Dodge: Dodged            ||    32

Table legend: (Time is in decaauts)
 A = Elapsed time spent in this place.
 B = Non-inter-level travel time spent in this place.
 C = Inter-level travel time spent in this place.
 D = Time resting spent in this place.
 E = Time spent auto-exploring this place.
 F = Levels seen in this place.
 G = Mean time per level.
                   A        B        C        D        E       F      G
               +--------+--------+--------+--------+--------+-----+--------+
         Total |   2228 |   2212 |     16 |      6 |   1899 |   2 | 1114.0 |
       Dungeon |   2228 |   2212 |     16 |      6 |   1899 |   2 | 1114.0 |
               +--------+--------+--------+--------+--------+-----+--------+

Top non-repeatable levels by time:
     D:1: 1620 daAuts
     D:2: 608 daAuts
